 Dungeon Crawl Stone Soup version 0.23.2 (webtiles) character file.

Game seed: 631360081096748116

1554 Fang the Skirmisher (level 8, -6/78 HPs)
             Began as a Gargoyle Berserker on Apr 10, 2019.
             Was a Priest of Trog.
             Killed by divine providence
             ... invoked by an orc priest
              (9 damage)
             ... on level 6 of the Dungeon.
             The game lasted 00:05:44 (5493 turns).

Fang the Skirmisher (Gargoyle Berserker)            Turns: 5493, Time: 00:05:45

Health: -6/78      AC: 18    Str: 28    XL:     8   Next: 88%
Magic:  8/8        EV:  9    Int:  8    God:    Trog [***...]
Gold:   349        SH:  0    Dex:  9    Spells: 7/7 levels left

rFire    . . .     SeeInvis .   a - +0 war axe
rCold    . . .     Gourm    .   (no shield)
rNeg     + . .     Faith    .   b - +0 plate armour
rPois    ∞         Spirit   .   (no helmet)
rElec    +         Reflect  .   (no cloak)
rCorr    .         Harm     .   (no gloves)
MR       ++...                  (no boots)
Stlth    ..........             (no amulet)
HPRegen  1.23/turn              (no ring)
MPRegen  0.11/turn              (no ring)

@: berserking, regenerating, very quick
A: negative energy resistance 1, electricity resistance, unbreathing,
petrification resistance, rot immunity, AC +5
a: Berserk, Trog's Hand, Renounce Religion


You were on level 6 of the Dungeon.
You worshipped Trog.
Trog was most pleased with you.
You were very hungry.

You visited 2 branches of the dungeon, and saw 7 of its levels.

You collected 349 gold pieces.

Inventory:

Hand Weapons
 a - a +0 war axe (weapon)
Armour
 b - a +0 plate armour (worn)
Wands
 h - a wand of digging (3)
Scrolls
 d - 2 scrolls of teleportation {unknown}
 f - a scroll of immolation {unknown}
 g - 8 scrolls of identify {unknown}
 i - 2 scrolls of fear {unknown}
 j - a scroll of enchant weapon {unknown}
 k - 2 scrolls of remove curse {unknown}
 q - 2 scrolls of blinking {unknown}
Potions
 e - a potion of resistance {unknown}
 l - a potion of flight {unknown}
 m - a potion of invisibility {unknown}
 n - 2 potions of agility {unknown}
 o - a potion of might {unknown}
 p - a potion of curing
 s - a potion of brilliance {unknown}
 t - a potion of mutation {unknown}
Comestibles
 c - 4 rations
 r - 8 chunks of flesh


   Skills:
 + Level 6.8 Fighting
 + Level 5.6 Axes
 + Level 6.2 Armour
 + Level 4.7 Dodging


You had 7 spell levels left.
You didn't know any spells.
Your spell library was empty.

Dungeon Overview and Level Annotations

Branches:
Dungeon (6/15)             Temple (1/1) D:5

Altars:
Ashenzari
Dithmenos
Fedhas
Hepliaklqana
Nemelex Xobeh
Okawaru
Sif Muna
Xom

Shops:
D:4 }


Innate Abilities, Weirdness & Mutations

You are resistant to torment.
Your stone body is resilient. (AC +5)
You are immune to poison.
You resist negative energy. (rN+)
You are resistant to electric shocks. (rElec)
You can survive without breathing.
You are immune to petrification.
You are immune to rotting.


Message History

A red film seems to cover your vision as you go berserk!
You feel yourself moving faster!
You feel mighty!
You are feeling very hungry.
The orc warrior hits you but does no damage.
The orc warrior closely misses you.
The orc priest mumbles some strange prayers to Beogh against you.
Beogh smites you!
* * * LOW HITPOINT WARNING * * *
You barely miss the orc warrior. You slash the orc warrior!
The orc warrior hits you with a +0 long sword.
* * * LOW HITPOINT WARNING * * *
The orc warrior hits you but does no damage.
You closely miss the orc warrior. You hit the orc warrior.
An orc comes into view. It is wielding a +0 dagger.
You hit the orc warrior.
The orc warrior is lightly wounded.
You closely miss the orc warrior. The orc warrior barely misses you. x2
The orc priest invokes the aid of Beogh against you.
Beogh smites you!
You die...

#........ .. #.......(
#.###########........
.o.........'........
#o##########)....... oo
#.....'.......)
######o###.#####..).....
..(..ooo................
#@##.##.##########
#..#.#.........
##.#.#..########.#
#...#.........#..
##..##.######.#..
#..........#.#..
#..##.####.#.#.# ######
##.##.# #.#.#.# #....#
#.##.# #.#.#.#


You could see 2 orc warriors, 2 orc priests and 4 orcs.

Vanquished Creatures
  2 phantoms
  A sky beast (D:5)
  The ghost of frimble the Chopper, an amateur DsGl (D:4)
  2 ogres
  A centaur (D:5)
  A bullfrog (D:6)
  2 scorpions
  3 crimson imps
  3 howler monkeys
  A quasit (D:3)
  3 hounds
  2 orc priests (D:5)
  An iguana (D:5)
  An orc wizard (D:5)
  Terence (D:2)
  2 worker ants
  Natasha (thrice) (D:2)
  9 adders
  An ooze (D:6)
  An adder zombie (D:6)
  2 adder skeletons
  A worm (D:4)
  3 dart slugs
  6 leopard geckos
  12 orcs
  2 ball pythons
  4 giant cockroaches
  8 goblins
  7 hobgoblins
  9 jackals
  3 kobolds
  5 quokkas
  6 bats
  2 frilled lizards
  A jackal zombie (D:5)
  10 rats
  A butterfly (D:5)
123 creatures vanquished.

Notes
Turn   | Place    | Note
-------+----------+-------------------------------------------
     0 | D:1      | Fang the Gargoyle Berserker began the quest for the Orb.
     0 | D:1      | Reached XP level 1. HP: 14/14 MP: 1/1
   186 | D:1      | Reached XP level 2. HP: 18/19 MP: 2/2
   614 | D:1      | Reached XP level 3. HP: 23/23 MP: 3/3
   841 | D:2      | Noticed Natasha
   860 | D:2      | Killed Natasha
   991 | D:2      | Found a deep blue altar of Sif Muna.
   991 | D:2      | Found an iron altar of Okawaru.
  1066 | D:2      | Noticed Natasha
  1084 | D:2      | Killed Natasha
  1084 | D:2      | Reached XP level 4. HP: 18/29 MP: 4/4
  1235 | D:2      | Noticed Terence
  1238 | D:2      | Noticed Natasha
  1266 | D:2      | Killed Terence
  1266 | D:2      | Reached XP level 5. HP: 19/33 MP: 5/5
  1271 | D:2      | Killed Natasha
  1764 | D:2      | Noticed a phantom
  2245 | D:2      | Killed a phantom
  2245 | D:2      | Reached XP level 6. HP: 39/39 MP: 6/6
  2337 | D:2      | Reached ** piety under Trog
  2764 | D:2      | Found a blossoming altar of Fedhas.
  2764 | D:2      | Found a shadowy altar of Dithmenos.
  2769 | D:2      | Found a faded altar of an unknown god.
  2771 | D:2      | Found a hazy altar of Hepliaklqana.
  2772 | D:2      | Found a shimmering altar of Xom.
  3640 | D:4      | Reached skill level 5 in Fighting
  3680 | D:4      | Reached XP level 7. HP: 42/44 MP: 7/7
  3696 | D:4      | Found a runed translucent gate.
  3725 | D:4      | Found a runed translucent gate.
  3725 | D:4      | Found a runed translucent gate.
  3725 | D:4      | Noticed frimble's ghost (amateur DsGl)
  3829 | D:4      | Killed frimble's ghost
  3966 | D:4      | Found a sparkling altar of Nemelex Xobeh.
  4001 | D:4      | Found Tazxica's Gadget Emporium.
  4059 | D:4      | Reached skill level 5 in Armour
  4499 | D:5      | Entered Level 5 of the Dungeon
  4608 | D:5      | Reached *** piety under Trog
  4638 | D:5      | Found a staircase to the Ecumenical Temple.
  4695 | D:5      | Reached XP level 8. HP: 51/51 MP: 8/8
  4755 | Temple   | Entered the Ecumenical Temple
  4761 | D:5      | Found the +2 robe of Vines {NoPotionHeal Regen+7}
  4814 | D:5      | Reached skill level 5 in Axes
  5286 | D:6      | Found the +8 longbow "Zephyr" {speed, Dex+3 SInv}
  5419 | D:6      | Found a sparkling altar of Nemelex Xobeh.
  5491 | D:6      | HP: 1/78 [orc warrior/+0 long sword (6)]
  5493 | D:6      | Killed from afar by an orc priest

Skill      XL: |  1  2  3  4  5  6  7  8 |
---------------+-------------------------+-----
Axes           | 3 4 5 |  5.6
Dodging        | 2 3 4 |  4.7
Armour         | 3 4 5 6 |  6.2
Fighting       | 4 5 6 |  6.8

Action                   |  1- 3 |  4- 6 |  7- 9 || total
-------------------------+-------+-------+-------++-------
Melee: Hand axe          |   101 |   345 |   288 ||   734
       War axe           |       |       |    46 ||    46
Invok: Berserk           |       |     3 |     2 ||     5
       Trog's Hand       |       |       |     1 ||     1
  Eat: Chunk             |     1 |    11 |     8 ||    20
Armor: Plate armour      |    80 |   304 |   296 ||   680
Dodge: Dodged            |    38 |   149 |   130 ||   317
